 Dungeon Crawl Stone Soup version 0.29-a0-319-gad05b8d819 (webtiles) character file.

Game seed: 8770733325203063234

200993 enile the Warrior (level 18, -4/210 HPs)
             Began as an Ogre Fire Elementalist on Apr 1, 2022.
             Was an Elder of Wu Jian.
             Slain by Mlioglotl (22 damage)
             ... on level 2 of the Swamp on Apr 2, 2022.
             The game lasted 02:15:03 (61495 turns).

enile the Warrior (Ogre Fire Elementalist)         Turns: 61495, Time: 02:15:04

Health: -4/210     AC:  9    Str: 15    XL:     18   Next: 98%
Magic:  31/32      EV: 24    Int: 25    God:    Wu Jian [****..]
Gold:   512        SH: 20    Dex: 13    Spells: 15/37 levels left

rFire   + + +      SeeInvis +   S - +7 war axe of Deoj {elec, *Noise +Blink Will+ rCorr}
rCold   + . .      Faith    .   W - +4 tower shield of Gestures {rF+ Regen+ Str-2 Slay+3}
rNeg    . . .      Spirit   .   G - +2 robe of Inevitability {rF+ rC+ Dex+4 Slay+5}
rPois   .          Reflect  .   m - +2 hat
rElec   +          Harm     .   J - +1 cloak {Stlth+}
rCorr   +          Rampage  .   (gloves unavailable)
Will    ++...                   (boots unavailable)
Stlth   ++........              j - amulet of regeneration
HPRegen 2.05/turn               x - ring of Cudo {rElec rC+ Str+3 SInv}
MPRegen 0.23/turn               d - ring of Pukuyrr {Fire Str-3 Int+3 Slay+6 SInv}

@: lethally poisoned (-4 -> -4), exhausted, afraid, in a heavenly storm, on
blink cooldown, hasted, glowing, very quick
A: large, unfitting armour, tough skin 1, wild magic 2
a: Renounce Religion, Evoke Blink, Wall Jump, Serpent's Lash


You were on level 2 of the Swamp.
You worshipped Wu Jian.
Wu Jian was greatly pleased with you.
You visited 7 branches of the dungeon, and saw 32 of its levels.
You visited 1 bazaar.
You also visited: Bailey.

You collected 3657 gold pieces.
You spent 3145 gold pieces at shops.

Inventory:

Hand Weapons
 g - a +0 battleaxe of flaming
 w - a +5 spectral war axe
 S - the +7 war axe of Deoj (weapon) {elec, *Noise +Blink Will+ rCorr}
   (You took it off a spriggan defender on level 3 of the Depths)

   It occasionally discharges a powerful burst of electricity upon striking a
   foe.
   +Blink:    It lets you blink.
   *Noise:    It may make noises in combat.
   rCorr:     It protects you from acid and corrosion.
   Will:      It increases your willpower.
Missiles
 M - a throwing net
 Y - 3 curare-tipped darts
Armour
 m - a +2 hat (worn)
 n - the +1 robe of Ciamijed {Contam Int+4 Dex+2 Stlth+}
   (You found it in a bailey)

   Int:       It affects your intelligence (+4).
   Dex:       It affects your dexterity (+2).
   Contam:    It causes magical contamination when unequipped.
   Stlth:     It makes you more stealthy.
 r - the +1 robe of Hysteria {rCorr Archmagi}
   (You found it on level 3 of the Lair of Beasts)

   rCorr:     It protects you from acid and corrosion.
   Archmagi:  It increases the power of your magical spells.
 G - the +2 robe of Inevitability (worn) {rF+ rC+ Dex+4 Slay+5}
   (You found it on level 9 of the Dungeon)

   Dex:       It affects your dexterity (+4).
   Slay:      It affects your accuracy & damage with ranged weapons and melee
   (+5).
   rF:        It protects you from fire.
   rC:        It protects you from cold.
 J - a +1 cloak of stealth (worn)
 W - the +4 tower shield of Gestures (worn) {rF+ Regen+ Str-2 Slay+3}
   (You acquired it in a bazaar)

   Str:       It affects your strength (-2).
   Slay:      It affects your accuracy & damage with ranged weapons and melee
   (+3).
   rF:        It protects you from fire.
   Regen:     It increases your rate of health regeneration.
Jewellery
 d - the ring of Pukuyrr (right hand) {Fire Str-3 Int+3 Slay+6 SInv}
   (You bought it in a shop in a bazaar)

   [ring of fire]

   It enhances your fire magic.
   Str:       It affects your strength (-3).
   Int:       It affects your intelligence (+3).
   Slay:      It affects your accuracy & damage with ranged weapons and melee
   (+6).
   rF:        It protects you from fire.
   rC:        It makes you vulnerable to cold.
   SInv:      It lets you see invisible.
 j - an amulet of regeneration (around neck)
 t - a ring of poison resistance
 u - the amulet of Fun {Acrobat Dex+2}
   (You took it off a necromancer on level 3 of the Depths)

   [amulet of the acrobat]

   It increases your evasion while moving and waiting.
   Dex:       It affects your dexterity (+2).
 v - a +4 ring of evasion
 x - the ring of Cudo (left hand) {rElec rC+ Str+3 SInv}
   (You took it off a necromancer on level 6 of the Lair of Beasts)

   [ring of see invisible]

   Str:       It affects your strength (+3).
   rC:        It protects you from cold.
   rElec:     It insulates you from electricity.
   SInv:      It lets you see invisible.
 A - a ring of fire
 E - a +6 ring of dexterity
 H - a +6 ring of intelligence
 P - a ring of wizardry
 Z - a +4 ring of protection
Wands
 o - a wand of mindburst (9)
 C - a wand of digging (13)
 D - a wand of iceblast (17)
 F - a wand of flame (28) (quivered)
 K - a wand of paralysis (3)
 L - a wand of acid (6)
Scrolls
 c - 7 scrolls of fog
 e - 4 scrolls of immolation
 i - a scroll of magic mapping
 q - a scroll of brand weapon
 s - 5 scrolls of noise
 y - a scroll of amnesia
 z - 5 scrolls of identify
 B - 6 scrolls of vulnerability
 R - a scroll of torment
 U - a scroll of enchant armour
 V - 3 scrolls of enchant weapon
Potions
 a - a potion of might
 b - 4 potions of magic
 f - 4 potions of brilliance
 l - 3 potions of heal wounds
 p - 8 potions of curing
 I - 4 potions of lignification
 O - 6 potions of attraction
 Q - a potion of flight
 T - a potion of haste
 X - a potion of resistance
Miscellaneous
 h - a box of beasts (inert)
 N - a phantom mirror (inert)


   Skills:
 - Level 20.0 Fighting
 - Level 17.0 Axes
 - Level 12.1 Dodging
 - Level 5.0 Stealth
 + Level 11.5 Shields
 - Level 10.0 Spellcasting
 - Level 3.0 Conjurations
 - Level 5.0 Hexes
 - Level 6.0 Fire Magic
 - Level 11.0 Ice Magic
 - Level 3.0 Air Magic
 - Level 3.0 Earth Magic
 - Level 11.0 Evocations


You had 15 spell levels left.
You knew the following spells:

 Your Spells              Type           Power      Damage    Failure   Level
a - Foxfire               Conj/Fire      100%       2x1d9     8%          1
b - Freezing Cloud        Conj/Ice/Air   30%        6-21      61%         5
c - Inner Flame           Hex/Fire       77%        N/A       13%         3
d - Passwall              Tmut/Erth      26%        N/A       28%         2
e - Mephitic Cloud        Conj/Pois/Air  36%        N/A       38%         3
f - Summon Small Mammal   Summ           80%        N/A       32%         1
g - Ensorcelled Hibernat  Hex/Ice        100%       N/A       4%          2
h - Swiftness             Air            44%        N/A       30%         3
i - Scorch                Fire           100%       2d10      7%          2

Your spell library contained the following spells:

 Spells                   Type           Power      Damage    Failure   Level
 Frozen Ramparts          Ice            100%       1d12      2%          3
 Magic Dart               Conj           100%       1d8       12%         1
 Shock                    Conj/Air       100%       1d9       12%         1
 Conjure Flame            Conj/Fire      71%        6-21      19%         3
 Hailstorm                Conj/Ice       66%        3d14      21%         4
 Poisonous Vapours        Pois/Air       64%        N/A       28%         2
 Stone Arrow              Conj/Erth      88%        3d12      30%         3
 Animate Skeleton         Necr           40%        N/A       32%         1
 Apportation              Tloc           40%        N/A       32%         1
 Beastly Appendage        Tmut           40%        N/A       32%         1
 Sting                    Tmut/Pois      80%        1d7       32%         1
 Portal Projectile        Hex/Tloc       80%        N/A       34%         3
 Ice Form                 Ice/Tmut       59%        N/A       34%         4
 Summon Ice Beast         Ice/Summ       59%        N/A       34%         4
 Call Imp                 Summ           20%        N/A       43%         2
 Sublimation of Blood     Necr           20%        N/A       43%         2
 Wereblood                Tmut           20%        N/A       43%         2
 Flame Wave               Conj/Fire      71%        2d13      43%         4
 Leda's Liquefaction      Hex/Erth       25%        N/A       50%         4
 Call Canine Familiar     Summ           20%        N/A       63%         3
 Gell's Gravitas          Tloc           20%        N/A       63%         3
 Lesser Beckoning         Tloc           20%        N/A       63%         3
 Spider Form              Tmut/Pois      20%        N/A       63%         3
 Teleport Other           Tloc           20%        N/A       63%         3
 Airstrike                Air            22%        N/A       63%         4
 Animate Armour           Summ/Erth      64%        N/A       82%         4
 Petrify                  Tmut/Erth      32%        N/A       82%         4
 Olgreb's Toxic Radiance  Pois           20%        N/A       94%         4
 Irradiate                Conj/Tmut      16%        3d18      98%         5
 Simulacrum               Ice/Necr       29%        N/A       98%         6
 Conjure Ball Lightning   Conj/Air       22%        3x3d6     100%        6
 Borgnjor's Revivificati  Necr           10%        N/A       100%        8
 Discord                  Hex            28%        N/A       100%        8
 Disjunction              Tloc           10%        N/A       100%        8
 Lehudib's Crystal Spear  Conj/Erth      22%        10d6      100%        8
 Necromutation            Tmut/Necr      10%        N/A       100%        8
 Death's Door             Necr           10%        N/A       100%        9
 Polar Vortex             Ice            41%        N/A       100%        9


Dungeon Overview and Level Annotations

Branches:
Dungeon (15/15)            Temple (0/1) D:7            Lair (6/6) D:10
  Swamp (2/4) Lair:2       Spider (2/4) Lair:4        Slime (0/5) Lair:5
    Orc (2/2) D:9             Elf (1/3) Orc:2        Vaults (0/5) D:13
 Depths (4/4) D:15         Bailey (visited)
    Zot: Depths:4

Altars:
Elyvilon
Hepliaklqana
Kikubaaqudgha
Makhleb
Nemelex Xobeh
Okawaru
Ru
Trog
Uskayaw
Vehumet
Wu Jian
Xom
Beogh
Jiyva

Shops:
Orc:2 :[!?(

Portals:
Hell: Depths:1 Depths:2
Abyss: Depths:3
Pandemonium: Depths:2
Ziggurat: Depths:2

Annotations:
D:3 2 transporters, CowFu's ghost, amateur DjAE
D:6 3 runed translucent doors, sammy202020's ghost, novice DsBe
Swamp:1 3 runed translucent doors, Nism's ghost, journeyman DsHu
Swamp:2 Mlioglotl
Spider:2 Arachne
Depths:2 exclusions: 2 statues and 1 more exclusion


Innate Abilities, Weirdness & Mutations

You are too large for most types of armour.
You have tough skin. (AC +1)
Your spells are harder to cast, but more powerful.


Message History

The spriggan rider misses you. You block the spriggan rider's attack.
Press: ? - help, v - describe, . - travel The floor.
This square is lit by a halo.
There is a cloud of golden dust here.
Press: ? - help, v - describe, . - travel The floor.
This square is lit by a halo.
There is a cloud of golden dust here.
Unknown command.
Okay, then.
Unknown command.
Casting: Foxfire (safe; 8% risk of failure)
Confirm with . or Enter, or press ? or * to list all spells.
Okay, then.
You blink.
You feel sick.
The spriggan rider throws a curare-tipped dart.
You block the curare-tipped dart.
Mlioglotl churns violently!
Mlioglotl radiates an aura of fear!
You are terrified of Mlioglotl!
The tyrant leech closely misses you. You block the swamp drake's attack.
Okay, then.
Okay, then.
You feel yourself speed up.
You feel sick.
You block the spriggan rider's attack. x2; You block the swamp drake's attack.
The tyrant leech misses you. Mlioglotl completely misses you.
Mlioglotl tramples you!
* * * LOW HITPOINT WARNING * * *
You hold your ground!
You spin and attack Mlioglotl.
You attempt to attack Mlioglotl, but flinch away in fear!
You spin and attack the swamp drake.
You cut the swamp drake into ribbons!!!
You kill the swamp drake!
The Council accepts your kill.
You feel sick. You block the spriggan rider's attack.
The spriggan rider completely misses you.
The spriggan druid completely misses you.
Mlioglotl hits you!!
You die...

♣♣♣♣♣♣♣♣♣♣♣♣
≈.♣..♣...≈.♣♣ ♣♣♣
≈..≈...§.≈..♣♣♣♣§♣♣
.≈..§.≈.§.≈§♣♣§i@☼♣
......≈....☼○§wX☼§♣
..≈.≈Z....≈§☼☼☼ii§♣
..≈.°..§.≈.☼§☼§§i☼♣♣
Z○≈...≈.†....≈)≈X.☼♣
.t≈○○.≈≈≈..§../.≈.♣♣
..ZtZ≈.≈....≈.†.♣♣≈...♣
.○☼Z..≈.≈...≈≈... .≈.♣♣
.○♣RZ○..............≈§.


You could see Mlioglotl (strong, scary, corroded), a tyrant leech, 2 spriggan
riders and a spriggan druid.

Vanquished Creatures
  A juggernaut (Depths:3)
  Nikola (Swamp:2)
  A golden dragon (Depths:3)
  A walking crystal tome (Depths:2)
  A lich (Depths:3)
  A walking earthen tome (Depths:3)
  A walking frostbound tome (Depths:3)
  3 sphinxes
  Gastronok (Lair:1)
  Kirke (Lair:2)
  2 tengu reavers
  8 fire giants
  A ghost moth (Spider:1)
  An emperor scorpion (Lair:4)
  An iron dragon (Depths:3)
  4 frost giants
  An orc warlord (Orc:1)
  A spriggan defender (Depths:3)
  7 very ugly things
  9 stone giants
  4 spark wasps
  2 eleionomae (Swamp:2)
  An entropy weaver (Spider:1)
  6 dire elephants (Lair:6)
  A deep elf annihilator (Depths:2)
  Snorg (D:10)
  A merfolk impaler (Depths:2)
  2 rakshasas
  An ettin (Orc:1)
  2 fire dragons (Depths:3)
  4 vault guards (D:13)
  4 hydras
  A salamander tyrant (Depths:2)
  3 boulder beetles
  Fannar (D:11)
  3 ice dragons
  2 ghost crabs (Swamp:2)
  Harold (Lair:1)
  11 centaur warriors
  3 spriggan air magi
  Erica (Orc:1)
  5 two-headed ogres
  3 ogre magi
  3 radroaches (Spider:1)
  2 alligators
  2 death knights
  15 death yaks
  4 deep troll shamans (Depths:3)
  4 deep troll earth magi
  8 tengu warriors
  4 spriggan berserkers
  7 hell knights
  2 deep elf knights
  7 iron trolls
  2 spectral death yaks (Lair:6)
  A skeletal warrior (D:13)
  A flayed ghost (Depths:3)
  2 glowing orange brains
  3 orb spiders (Spider:1)
  A steelbarb worm (Spider:2)
  4 deep trolls
  5 bog bodies
  An obsidian statue (Lair:6)
  2 swamp dragons (Swamp:2)
  A wizard (Depths:2)
  An orc knight (Bailey)
  A spectral anaconda (Lair:6)
  9 necromancers
  10 deep elf pyromancers
  A phantasmal warrior (D:13)
  5 deep elf zephyrmancers
  2 oklob plants
  6 wolf spiders
  8 orc sorcerers (Orc:2)
  8 ugly things
  2 manticores (D:13)
  A moth of wrath (Spider:2)
  5 will-o-the-wisps
  2 cyclopes (D:14)
  Maurice (D:11)
  18 elephants
  A rust devil (Depths:2)
  A smoke demon (Depths:2)
  6 black mambas
  2 gargoyles
  2 torpor snails
  Maggie (D:10)
  12 cane toads
  An unseen horror (D:11)
  8 komodo dragons
  2 rime drakes
  2 freezing wraiths
  4 kobold demonologists
  8 demonic crawlers
  A meliai (shapeshifter) (D:14)
  7 trolls
  A tyrant leech (shapeshifter) (D:13)
  Prince Ribbit (D:9)
  3 polar bears
  7 tarantellas
  4 tyrant leeches
  9 slime creatures
  2 spectral elephants (Lair:6)
  9 hornets
  11 dream sheep
  8 jumping spiders
  A centaur simulacrum (D:14)
  6 culicivoras
  9 spriggans
  4 basilisks
  3 wraiths
  40 yaks
  A vampire (D:13)
  4 hogs (Lair:2)
  A shadow (D:9)
  3 water elementals (Depths:1)
  4 wyverns
  A golden eye (shapeshifter) (D:15)
  10 redbacks
  16 vampire mosquitoes
  2 death yak simulacra (Lair:6)
  A steam dragon (D:6)
  3 wargs (Orc:1)
  An acid dragon (D:10)
  2 spectral cane toads (Lair:6)
  7 swamp worms
  15 water moccasins
  4 swamp drakes
  Duvessa (D:4)
  An ice beast (D:6)
  21 orc warriors
  2 black bears
  A sky beast (D:6)
  An elephant zombie (Lair:6)
  7 ogres
  7 centaurs
  20 wolves
  2 phantoms
  4 kobold brigands (D:11)
  10 bullfrogs
  3 scorpions
  2 gnoll sergeants
  A hornet simulacrum (D:15)
  Dowan (D:4)
  An elephant simulacrum (Lair:6)
  15 killer bees
  A howler monkey (D:11)
  An electric eel (Lair:2)
  A crimson imp (D:10)
  A lava snake (D:13)
  4 hounds
  10 orc priests
  2 jellies
  2 iguanas
  37 orc wizards
  7 hell rats (Lair:4)
  19 gnolls
  10 adders
  A shadow imp (D:7)
  5 white imps
  An ufetubus (D:4)
  2 dart slugs
  58 orcs
  A ball python (shapeshifter) (Depths:3)
  7 ball pythons
  3 bats
  3 endoplasms
  A giant cockroach (D:1)
  11 goblins
  7 hobgoblins
  6 jackals
  9 kobolds
  2 quokkas (D:1)
  5 frilled lizards
  5 rats
  A fungus (Lair:6)
845 creatures vanquished.

Vanquished Creatures (collateral kills)
  Rupert (Lair:4)
  Asterion (Spider:1)
  A very ugly thing (Depths:1)
  A vampire knight (Depths:2)
  A hydra (Lair:2)
  A sun demon (Depths:2)
  A pharaoh ant (Spider:1)
  A glowing orange brain (Depths:2)
  An orc knight (Orc:1)
  A demonic crawler (Spider:1)
  A tormentor (Depths:2)
  A red devil (Depths:2)
  A tarantella (Spider:2)
  A warg (Orc:1)
  A bullfrog (Lair:5)
  2 foxfires
17 creatures vanquished.

Vanquished Creatures (others)
  A bloated husk (Swamp:1)
  A human (Swamp:1)
  An orc wizard (Orc:1)
  495 foxfires
  43 fungi
  70 plants
  26 withered plants (Lair:6)
637 creatures vanquished.

Grand Total: 1499 creatures vanquished

Notes
Turn   | Place    | Note
-------+----------+-------------------------------------------
     0 | D:1      | enile the Ogre Fire Elementalist began the quest for the
                  | Orb.
     0 | D:1      | Reached XP level 1. HP: 16/16 MP: 3/3
   141 | D:1      | Reached skill level 1 in Fighting
   404 | D:1      | Reached skill level 2 in Fighting
   404 | D:1      | Reached XP level 2. HP: 28/28 MP: 1/5
   407 | D:1      | Learned a level 2 spell: Scorch
  1576 | D:2      | Reached XP level 3. HP: 36/36 MP: 5/7
  2298 | D:3      | Noticed a black bear
  2319 | D:3      | Gained mutation: You sometimes lose the ability to read
                  | scrolls when taking damage. [potion of mutation]
  2319 | D:3      | Gained mutation: You are partially covered in iridescent
                  | scales. (AC +2) [potion of mutation]
  2740 | D:3      | Found a transporter.
  2769 | D:3      | Noticed CowFu's ghost (amateur DjAE)
  2806 | D:3      | Found a transporter.
  2872 | D:3      | Killed a black bear
  2873 | D:3      | Reached skill level 4 in Fighting
  2873 | D:3      | Reached XP level 4. HP: 48/48 MP: 0/10
  2873 | D:3      | Reached XP level 5. HP: 54/54 MP: 0/11
  3016 | D:3      | Found a faded altar of an unknown god.
  3138 | D:3      | Learned a level 3 spell: Inner Flame
  3464 | D:3      | Reached skill level 5 in Fighting
  3640 | D:3      | Prayed at the altar of an unknown god.
  3640 | D:3      | Became a worshipper of the Wu Jian Council
  3640 | D:3      | Reached * piety under Wu Jian
  3654 | D:4      | Noticed Dowan
  3833 | D:4      | Reached skill level 7 in Fighting
  3833 | D:4      | Reached XP level 6. HP: 15/71 MP: 2/12
  4182 | D:4      | Noticed Duvessa
  4208 | D:5      | Entered Level 5 of the Dungeon
  4247 | D:4      | Reached skill level 8 in Fighting
  4430 | D:4      | Killed Duvessa
  4486 | D:4      | Killed Dowan
  4487 | D:4      | Reached skill level 1 in Hexes
  4487 | D:4      | Reached XP level 7. HP: 77/80 MP: 5/13
  5001 | D:4      | Reached skill level 1 in Conjurations
  5314 | D:5      | Reached ** piety under Wu Jian
  5651 | D:5      | Reached skill level 5 in Spellcasting
  6406 | D:5      | Reached XP level 8. HP: 88/89 MP: 15/17
  6447 | D:5      | Reached skill level 9 in Fighting
  6625 | D:5      | Reached skill level 10 in Fighting
  7252 | D:6      | Reached XP level 9. HP: 101/101 MP: 13/18
  7280 | D:6      | Reached skill level 5 in Fire Magic
  7598 | D:6      | Found a hazy altar of Hepliaklqana.
  7668 | D:6      | Found a runed translucent gate.
  7668 | D:6      | Found a runed translucent gate.
  7669 | D:6      | Found a runed translucent gate.
  7669 | D:6      | Noticed sammy202020's ghost (novice DsBe)
  8060 | D:7      | Found a staircase to the Ecumenical Temple.
  8453 | D:8      | Reached *** piety under Wu Jian
  8477 | D:8      | Found a flagged portal.
  8488 | Bailey   | Entered a bailey
  8587 | Bailey   | Reached skill level 11 in Fighting
  8587 | Bailey   | Reached skill level 1 in Evocations
  8600 | Bailey   | Noticed an orc knight
  8620 | Bailey   | Killed an orc knight
  8621 | Bailey   | Reached XP level 10. HP: 42/113 MP: 9/22
  8707 | Bailey   | Learned a level 2 spell: Passwall
  8711 | Bailey   | Learned a level 3 spell: Mephitic Cloud
  8933 | Bailey   | Found a large runed translucent door.
  8933 | Bailey   | Found a large runed translucent door.
  8934 | Bailey   | Noticed a deep elf pyromancer
  9083 | Bailey   | Learned a level 1 spell: Summon Small Mammal
  9086 | Bailey   | Learned a level 2 spell: Ensorcelled Hibernation
  9089 | Bailey   | Killed a deep elf pyromancer
  9097 | Bailey   | Identified the +5 ring mail "Xill" {Will- Int+5}
  9098 | Bailey   | Identified the +1 robe of Ciamijed {Contam Int+4 Dex+2
                  | Stlth+}
  9238 | D:8      | Reached skill level 12 in Fighting
  9588 | D:9      | Reached skill level 1 in Axes
 10246 | D:9      | Noticed Prince Ribbit
 10253 | D:9      | Killed Prince Ribbit
 10259 | D:9      | Reached skill level 1 in Ice Magic
 10943 | D:9      | Identified the +2 robe of Inevitability {rF+ rC+ Dex+4
                  | Slay+5}
 10946 | D:9      | You fall into a shaft and drop 2 floors!
 10946 | D:11     | Noticed Fannar
 10946 | D:11     | Noticed Maurice
 11004 | D:10     | Entered Level 10 of the Dungeon
 11313 | D:10     | Noticed Maggie
 11320 | D:10     | Killed Maggie
 11321 | D:10     | Reached skill level 5 in Dodging
 11390 | D:10     | Noticed Snorg
 11447 | D:10     | Killed Snorg
 11448 | D:10     | Reached XP level 11. HP: 67/123 MP: 14/23
 11770 | D:10     | Found a staircase to the Lair.
 11904 | D:9      | Reached **** piety under Wu Jian
 11989 | D:9      | Found a staircase to the Orcish Mines.
 12563 | D:10     | Noticed a two-headed ogre
 12612 | D:10     | Killed a two-headed ogre
 12957 | D:11     | Killed Fannar
 12958 | D:11     | Reached skill level 5 in Axes
 12978 | D:11     | Killed Maurice
 13400 | D:11     | Reached skill level 13 in Fighting
 13805 | D:11     | Found a shimmering altar of Xom.
 13875 | D:11     | Found a white marble altar of Elyvilon.
 13875 | D:11     | Found a bloodstained altar of Trog.
 13877 | D:11     | Found an iron altar of Okawaru.
 13877 | D:11     | Found a shimmering altar of Xom.
 13877 | D:11     | Found a sparkling altar of Nemelex Xobeh.
 14115 | D:12     | Noticed a five-headed hydra
 14170 | Lair:1   | Entered Level 1 of the Lair of Beasts
 14205 | Lair:1   | Reached skill level 14 in Fighting
 14223 | Lair:1   | Reached skill level 1 in Air Magic
 14233 | Lair:1   | Reached skill level 1 in Earth Magic
 14375 | Lair:1   | Noticed Harold
 14385 | Lair:1   | Killed Harold
 14386 | Lair:1   | Reached XP level 12. HP: 106/139 MP: 14/24
 14392 | Lair:1   | Noticed Gastronok
 14547 | Lair:1   | Killed Gastronok
 14548 | Lair:1   | Reached skill level 5 in Evocations
 14721 | Lair:1   | Reached ***** piety under Wu Jian
 15489 | Lair:1   | Reached skill level 5 in Ice Magic
 16150 | Lair:2   | Found a staircase to the Swamp.
 16192 | Lair:2   | Reached skill level 5 in Stealth
 16606 | Lair:2   | Reached skill level 15 in Fighting
 17096 | Lair:2   | Reached skill level 16 in Fighting
 17098 | Lair:2   | Reached XP level 13. HP: 131/152 MP: 16/25
 17536 | Lair:2   | Found a sacrificial altar of Ru.
 18012 | Lair:3   | Reached skill level 10 in Spellcasting
 18260 | Lair:3   | Reached skill level 5 in Hexes
 19534 | Lair:4   | Got the Collected Works on Glacial Changing
 19545 | Lair:4   | Noticed Rupert
 19560 | Lair:4   | Paralysed by Rupert for 3 turns
 19566 | Lair:4   | Paralysed by Rupert for 3 turns
 19568 | Lair:4   | Killed Rupert
 19648 | Lair:4   | You fall into a shaft and drop 1 floor!
 20293 | Lair:5   | Found a staircase to the Slime Pits.
 20293 | Lair:5   | Found a viscous altar of Jiyva.
 21585 | Lair:5   | Learned a level 3 spell: Swiftness
 21720 | Lair:6   | Entered Level 6 of the Lair of Beasts
 22408 | Lair:6   | Reached XP level 14. HP: 153/162 MP: 28/28
 23433 | Lair:6   | Reached skill level 10 in Ice Magic
 23997 | Lair:6   | Noticed a dire elephant
 23997 | Lair:6   | Noticed a dire elephant
 23998 | Lair:6   | Noticed a dire elephant
 24003 | Lair:6   | Noticed a dire elephant
 24005 | Lair:6   | Noticed a dire elephant
 24007 | Lair:6   | Noticed a dire elephant
 24238 | Lair:6   | Killed a dire elephant
 24255 | Lair:6   | Killed a dire elephant
 24626 | Lair:6   | Killed a dire elephant
 25846 | Lair:6   | Killed a dire elephant
 25847 | Lair:6   | Killed a dire elephant
 25855 | Lair:6   | Killed a dire elephant
 26131 | Lair:6   | Identified the ring of Cudo {rElec rC+ Str+3 SInv}
 26536 | Lair:6   | Reached skill level 10 in Evocations
 28466 | Lair:4   | Found a hole to the Spider Nest.
 28474 | Lair:4   | Reached XP level 15. HP: 141/170 MP: 29/29
 29919 | D:13     | Reached skill level 10 in Axes
 30557 | D:13     | Reached skill level 17 in Fighting
 30932 | D:13     | Found a gate to the Vaults.
 31051 | Orc:1    | Entered Level 1 of the Orcish Mines
 31177 | Orc:2    | Entered Level 2 of the Orcish Mines
 31238 | Orc:1    | Reached skill level 18 in Fighting
 31319 | Orc:1    | Noticed an orc warlord
 31327 | Orc:1    | Killed an orc warlord
 31884 | Orc:1    | Noticed Erica
 31895 | Orc:1    | Killed Erica
 32538 | Orc:2    | Found Jiwois's Distillery.
 32539 | Orc:2    | Paralysed by an orc sorcerer for 2 turns
 32581 | Orc:2    | Found a radiant altar of Vehumet.
 32876 | Orc:2    | Bought 2 potions of heal wounds for 110 gold pieces
 32876 | Orc:2    | Bought a potion of mutation for 88 gold pieces
 32876 | Orc:2    | Bought a potion of curing for 33 gold pieces
 32876 | Orc:2    | Lost mutation: You sometimes lose the ability to read
                  | scrolls when taking damage. [potion of mutation]
 32876 | Orc:2    | Lost mutation: You are partially covered in iridescent
                  | scales. (AC +2) [potion of mutation]
 32876 | Orc:2    | Gained mutation: Your body sometimes deteriorates upon
                  | taking damage. [potion of mutation]
 32876 | Orc:2    | Gained mutation: You have hidden genetic potential. [potion
                  | of mutation]
 32889 | Orc:2    | Found Puit's Magic Scroll Emporium.
 32895 | Orc:2    | Bought a scroll of identify for 28 gold pieces
 32895 | Orc:2    | Bought a scroll of summoning for 133 gold pieces
 32895 | Orc:2    | Bought a scroll of identify for 28 gold pieces
 32895 | Orc:2    | Bought a scroll of teleportation for 42 gold pieces
 32910 | Orc:2    | Found an ancient bone altar of Kikubaaqudgha.
 32915 | Orc:2    | Found Ofauffihuv's Antique Armour Shoppe.
 32923 | Orc:2    | Bought an ichor-stained robe for 193 gold pieces
 32923 | Orc:2    | Identified the +1 robe "Qoroefis" {rPois Dex+4} (You bought
                  | it in a shop on level 2 of the Orcish Mines)
 32923 | Orc:2    | Bought an embroidered cloak for 255 gold pieces
 32953 | Orc:2    | Found Micw's Book Emporium.
 32958 | Orc:2    | Bought a manual of Axes for 1120 gold pieces
 33035 | Orc:2    | Found Zegeax's Weapon Boutique.
 33044 | Orc:2    | Bought 2 throwing nets for 84 gold pieces
 33062 | Orc:2    | Found a staircase to the Elven Halls.
 35270 | D:13     | Reached XP level 16. HP: 75/185 MP: 30/30
 36608 | D:14     | Found a sparkling altar of Nemelex Xobeh.
 37012 | D:15     | Entered Level 15 of the Dungeon
 37395 | D:15     | Reached skill level 15 in Axes
 38084 | D:15     | Found a staircase to the Depths.
 38430 | Depths:1 | Entered Level 1 of the Depths
 38668 | Depths:1 | Found a gateway to Hell.
 39483 | Swamp:1  | Entered Level 1 of the Swamp
 39483 | Swamp:1  | Noticed Kirke
 40052 | Lair:2   | Killed Kirke
 40469 | Lair:2   | Learned a level 5 spell: Freezing Cloud
 40547 | Spider:1 | Entered Level 1 of the Spider Nest
 40646 | Spider:1 | Reached skill level 10 in Dodging
 40671 | Lair:4   | Gained mutation: You expend magic power (3 MP) to
                  | strengthen your wands. [hidden potential]
 41328 | Spider:1 | Noticed Asterion
 41700 | Spider:1 | Killed Asterion
 45863 | Spider:1 | HP: 8/175 [poisoned by a redback]
 46414 | Lair:3   | Identified the +1 robe of Hysteria {rCorr Archmagi}
 47704 | Spider:1 | Reached XP level 17. HP: 112/193 MP: 31/31
 48676 | Spider:2 | Noticed Arachne
 48881 | Spider:2 | HP: 14/289 [tarantella (5)]
 48900 | Spider:2 | HP: 9/193 [poisoned by Arachne (poison arrow)]
 48905 | Spider:1 | HP: 5/193 [poisoned by Arachne (poison arrow)]
 49622 | Elf:1    | Entered Level 1 of the Elven Halls
 52141 | Depths:1 | Noticed a sphinx
 52150 | Depths:1 | Killed a sphinx
 52176 | Depths:1 | Found a burning altar of Makhleb.
 52190 | Depths:1 | Reached skill level 19 in Fighting
 52321 | Depths:1 | Found a hide-covered altar of Uskayaw.
 52384 | Depths:1 | Found a white marble altar of Elyvilon.
 52935 | Depths:2 | Noticed a sphinx
 52952 | Depths:1 | Killed a sphinx
 54077 | Depths:2 | Found a one-way gateway to a ziggurat.
 54077 | Depths:2 | Noticed an ancient lich
 54078 | Depths:2 | Noticed a lich
 54110 | Depths:2 | Gained mutation: You are robust. (+10% HP) [hidden
                  | potential]
 54110 | Depths:2 | Lost mutation: You have hidden genetic potential. [hidden
                  | potential expressed]
 54292 | Depths:2 | Identified the +0 pair of gloves "Put-Me-On" {+Inv rPois
                  | rC+ Stlth+}
 54303 | Depths:2 | Reached skill level 20 in Fighting
 54822 | Depths:2 | Found a one-way gate leading to the halls of Pandemonium.
 54846 | Depths:2 | Noticed a walking crystal tome
 54855 | Depths:2 | Killed a walking crystal tome
 56600 | Depths:2 | Identified the +0 pair of boots "Qajiavva" {Drain rElec rC-
                  | Dex+3}
 56683 | Depths:3 | You fall into a shaft and drop 1 floor!
 56683 | Depths:4 | Entered Level 4 of the Depths
 56724 | Depths:4 | Noticed a golden dragon
 56755 | Depths:3 | Found a flickering gateway to a bazaar.
 56761 | Depths:3 | Noticed a lich
 56766 | Bazaar   | Entered a bazaar
 56828 | Bazaar   | Found Hiam's Antique Weapon Boutique.
 56839 | Bazaar   | Found Evvets's General Store.
 56847 | Bazaar   | Found Yhih's Antique Armour Shoppe.
 56858 | Bazaar   | Found Ullomeoz's Jewellery Boutique.
 56869 | Bazaar   | Found Yhueqefeep's Distillery.
 56890 | Bazaar   | Bought the ring of Pukuyrr {Fire Str-3 Int+3 Slay+6 SInv}
                  | for 552 gold pieces
 56892 | Bazaar   | Bought a ring of wizardry for 270 gold pieces
 56903 | Bazaar   | Bought a potion of mutation for 88 gold pieces
 56903 | Bazaar   | Bought a potion of curing for 33 gold pieces
 56903 | Bazaar   | Bought a potion of heal wounds for 55 gold pieces
 56903 | Bazaar   | Bought a potion of lignification for 33 gold pieces
 56903 | Bazaar   | Identified a scroll of acquirement
 56905 | Bazaar   | Acquired the +4 tower shield of Gestures {rF+ Regen+ Str-2
                  | Slay+3}
 56930 | Depths:3 | Killed a lich
 56931 | Depths:3 | Reached skill level 1 in Shields
 56976 | Depths:3 | Noticed a sphinx
 57004 | Depths:2 | Killed a sphinx
 57155 | Depths:3 | Found a one-way gate to the infinite horrors of the Abyss.
 57357 | Depths:2 | Reached XP level 18. HP: 64/231 MP: 25/32
 57911 | Depths:3 | Noticed a walking crystal tome
 58077 | Depths:3 | Reached skill level 5 in Shields
 58121 | Depths:3 | Noticed a golden dragon
 58184 | Depths:3 | Noticed a juggernaut
 58201 | Depths:3 | Killed a juggernaut
 58463 | Depths:3 | Lost mutation: You expend magic power (3 MP) to strengthen
                  | your wands. [potion of mutation]
 58463 | Depths:3 | Lost mutation: Your body sometimes deteriorates upon taking
                  | damage. [potion of mutation]
 58463 | Depths:3 | Gained mutation: Your spells are a little harder to cast,
                  | but a little more powerful. [potion of mutation]
 58463 | Depths:3 | Lost mutation: You are robust. (+10% HP) [potion of
                  | mutation]
 58463 | Depths:3 | Gained mutation: Your spells are harder to cast, but more
                  | powerful. [potion of mutation]
 58471 | Depths:3 | Killed a golden dragon
 58550 | Depths:3 | Identified the +7 war axe of Deoj {elec, *Noise +Blink
                  | Will+ rCorr}
 58978 | Depths:3 | HP: 10/210 [frost giant/bolt of cold (24)]
 59417 | Depths:3 | Noticed a walking frostbound tome
 59427 | Depths:3 | Identified the amulet of Fun {Acrobat Dex+2}
 59961 | Depths:3 | Noticed a walking earthen tome
 59997 | Depths:3 | Killed a walking earthen tome
 60189 | Depths:3 | Killed a walking frostbound tome
 60287 | Depths:3 | Reached skill level 10 in Shields
 61015 | Swamp:1  | Found a runed translucent gate.
 61016 | Swamp:1  | Found a runed translucent gate.
 61018 | Swamp:1  | Found a runed translucent gate.
 61018 | Swamp:1  | Noticed Nism's ghost (journeyman DsHu)
 61231 | Swamp:1  | Identified the ring of Agnosticism {Ice *Slow rCorr Str+7
                  | Dex+2}
 61450 | Swamp:2  | Noticed Nikola
 61466 | Swamp:2  | Killed Nikola
 61476 | Swamp:2  | Noticed Mlioglotl
 61495 | Swamp:2  | Slain by Mlioglotl

Illustrated notes

Levels and vault maps discovered:
D:1:      pf_arrival_petrified_forest, layout_loops_ring, minmay_tiny_reverse_x
D:2:      layout_rooms, serial_corexii_hall, corexii_hall_statues_x,
          chequers_hall_statues_y
D:3:      layout_basic, gammafunk_ghost_stat_death,
          ebering_ecumenical_altar_webs
D:4:      layout_basic, uniq_duvessa
D:5:      layout_rooms
D:6:      layout_rooms, nicolae_hepliaklqana_hippocampus,
          gammafunk_ghost_necromancy, glass_columns_a
D:7:      layout_rooms, temple_statues, chequers_serial_rivers_micro_c
D:8:      layout_rooms, enter_bailey_3, minmay_misc_feat_encased,
          serial_bayou_pond_c
D:9:      minmay_flawed_box, layout_cave_pools, minmay_orc_entry_temple_small,
          serial_glass, glass_columns_a, glass_columns_b, glass_columns_a,
          glass_columns_a, glass_columns_a, glass_columns_c, glass_columns_b,
          glass_columns_a, glass_columns_b, glass_columns_a, uniq_prince_ribbit1
D:10:     layout_loops_ring, lair_entry_dummy, minmay_misc_feat_four_crosses,
          moated_statue, minmay_fire_ice_demons, uniq_maggie, uniq_snorg
D:11:     layout_gridville, doesnt_xom_only_xom, uniq_fannar, uniq_maurice
D:12:     layout_rooms, kennysheep_generic_room_10
D:13:     layout_roguey, lightli_vaults_fourway_checkpoint,
          kennysheep_cluttered_room
D:14:     layout_roguey, nemelex_lonely_heart_becter, minmay_diced_spiral
D:15:     grunt_enter_depths_snipers, layout_basic, serial_bayou_pond_d,
          st_stairs_13, chequers_decorated_corner, drop_trap
Lair:1:   layout_loops_ring, grunt_forest_large_clearing_hut,
          grunt_megastairs_4, lemuel_fruit_fields, uniq_harold, uniq_gastronok
Lair:2:   layout_roguey, skrybe_swamp_entry_bodies, basic_altar,
          chequers_serial_rivers_micro_e, wad_woods_river_04,
          beast_lair_carwin_4, serial_bayou_shore_a
Lair:3:   layout_gridlike, grunt_megastairs_1
Lair:4:   dragon1_lemuel, layout_big_grid, spider_nest_entry_rubble, pond,
          grunt_megastairs_3, serial_bayou_shore_b, serial_bayou_shore_b,
          uniq_rupert
Lair:5:   cheibrodos_lair_river_kwai, layout_loops_ring, slime_altar_1,
          serial_bayou_pond_d, chequers_serial_rivers_small_3, minivault_26,
          lemuel_fruit_tree
Lair:6:   due_jungle_book, layout_regular_city
Swamp:1:  layout_falls_marsh, ebering_ghost_rock_garden,
          nicolae_swamp_triple_paths, uniq_kirke
Swamp:2:  layout_falls_marsh, evilmike_swamp_ruin_house_3, swamp_pool4,
          uniq_nikola, uniq_mlioglotl
Spider:1: layout_chambers, einodemon_crawler_minivault, uniq_asterion
Spider:2: layout_spider_delve, uniq_arachne
Orc:1:    layout_caves, elves_outpost_lemuel, uniq_erica
Orc:2:    kennysheep_orc_mage_school, layout_caves, serial_shops,
          nicolae_lakefront_shop, mines3_lemuel
Elf:1:    minmay_elf_arrival_circle, layout_geoelf_grid, orc_legates,
          nicolae_elf_archery_training
Depths:1: layout_cave_shapes, hangedman_coc_ice_floe,
          kennysheep_cross_bottleneck, chequers_serial_rivers_micro_d,
          minmay_statues_item, st_stairs_13, grunt_ministairs_4,
          minmay_misc_feat_roman, serial_bayou_pond_d, hangedman_feature_mirror,
          dancing_weapons_uskayaw, serial_bayou_shore_b
Depths:2: evilmike_halls_of_destruction, layout_gridlike, enter_ziggurat_c,
          hangedman_tar_grid_catacomb, rand_demon_pan_entry_8,
          infiniplex_staircase_star, firewood_loft
Depths:3: kennysheep_large_vault, layout_cave_shapes,
          chequers_serial_rivers_micro_b, grunt_metal_band, serial_shops,
          bzr_in_the_mist, hangedman_abyss_entry_splay
Depths:4: grunt_zot_entry_bicorn, layout_long_grid, abyss_entry,
          rand_demon_pan_entry_1, grunt_hell_entry_dis_grunt,
          dreamdust_wishing_well, serial_bayou_shore_b,
          kennysheep_random_hallway

Skill      XL: |  1  2  3  4  5  6  7  8  9 10 11 12 13 14 15 16 17 18 |
---------------+-------------------------------------------------------+-----
Fighting       | 2 4 7 8 10 11 12 14 16 18 20 | 20.0
Spellcasting   | 3 4 6 8 10 | 10.0
Dodging        | 2 4 5 6 8 11 12 | 12.1
Fire Magic     | 4 5 6 |  6.0
Hexes          | 1 2 3 4 5 |  5.0
Conjurations   | 2 3 |  3.0
Stealth        | 4 5 |  5.0
Evocations     | 4 7 11 | 11.0
Axes           | 3 7 9 12 15 17 | 17.0
Ice Magic      | 3 4 6 8 10 11 | 11.0
Air Magic      | 3 |  3.0
Earth Magic    | 2 3 |  3.0
Shields        | 4 11 | 11.5

Action                   |  1- 3 |  4- 6 |  7- 9 | 10-12 | 13-15 | 16-18 || total
-------------------------+-------+-------+-------+-------+-------+-------++-------
Melee: Unarmed           |    24 |       |       |     2 |       |       ||    26
       Flail             |       |    39 |   114 |       |       |       ||   153
       Hand axe          |       |     5 |       |       |       |       ||     5
       War axe           |       |       |    39 |   216 |   697 |   834 ||  1786
       Punch             |       |       |       |     3 |    16 |     5 ||    24
       Battleaxe         |       |       |       |       |       |   220 ||   220
Throw: Throwing net      |       |       |       |       |     2 |     2 ||     4
       Dart              |       |       |       |       |     1 |    32 ||    33
 Cast: Foxfire           |   107 |    18 |    43 |    95 |    25 |     2 ||   290
       Scorch            |     3 |    25 |    47 |    35 |    16 |     3 ||   129
       Inner Flame       |       |     1 |    20 |    28 |    18 |    11 ||    78
       Summon Small Mamm |       |       |       |     4 |       |       ||     4
       Passwall          |       |       |       |     3 |     2 |       ||     5
       Mephitic Cloud    |       |       |       |     5 |     5 |     1 ||    11
       Ensorcelled Hiber |       |       |       |     4 |     4 |     1 ||     9
       Swiftness         |       |       |       |       |     8 |     4 ||    12
       Freezing Cloud    |       |       |       |       |       |    14 ||    14
Invok: Lunge             |       |     1 |     7 |     5 |    51 |    62 ||   126
       Whirlwind         |       |       |     1 |     2 |    46 |    79 ||   128
       Serpent's Lash    |       |       |       |       |     7 |    11 ||    18
       Heavenly Storm    |       |       |       |       |     3 |     1 ||     4
 Abil: Wall Jump         |       |       |       |     1 |     4 |     9 ||    14
       Evoke Blink       |       |       |       |       |       |     7 ||     7
Evoke: Wand              |       |       |     2 |     3 |    20 |    30 ||    55
       Phantom mirror    |       |       |       |       |     4 |     7 ||    11
       Box of beasts     |       |       |       |       |       |     3 ||     3
  Use: Potion            |     5 |     1 |     1 |     2 |     8 |    20 ||    37
       Scroll            |     5 |     2 |     3 |     7 |    11 |    30 ||    58
 Stab: Sleeping          |       |     1 |     3 |    10 |    15 |    11 ||    40
       Distracted        |       |       |       |       |    19 |    16 ||    35
       Held in net/web   |       |       |       |       |     3 |       ||     3
       Fleeing           |       |       |       |       |       |     2 ||     2
       Paralysed         |       |       |       |       |       |     2 ||     2
       Invisible         |       |       |       |       |       |     3 ||     3
Armor: Robe              |    19 |    38 |   115 |    72 |   237 |   306 ||   787
       Skin              |       |       |       |       |       |    41 ||    41
Dodge: Dodged            |    52 |    83 |   277 |   204 |   436 |   620 ||  1672
Block: Tower shield      |       |       |       |       |       |   305 ||   305

Table legend: (Time is in decaauts)
 A = Elapsed time spent in this place.
 B = Non-inter-level travel time spent in this place.
 C = Inter-level travel time spent in this place.
 D = Time resting spent in this place.
 E = Time spent auto-exploring this place.
 F = Levels seen in this place.
 G = Mean time per level.
                   A        B        C        D        E       F      G
               +--------+--------+--------+--------+--------+-----+--------+
         Total |  61922 |  59346 |   2576 |  13546 |  37546 |  34 | 1821.2 |
       Dungeon |  22571 |  21080 |   1491 |   2820 |  15397 |  15 | 1504.7 |
          Lair |  17373 |  16695 |    678 |   3098 |  11747 |   6 | 2895.5 |
         Swamp |    998 |    974 |     24 |    213 |    464 |   2 |  499.0 |
   Spider Nest |   7907 |   7765 |    142 |   3682 |   3314 |   2 | 3953.5 |
  Orcish Mines |   2889 |   2775 |    114 |    246 |   2051 |   2 | 1444.5 |
   Elven Halls |     21 |     21 |      0 |      0 |      0 |   1 |   21.0 |
        Depths |   9337 |   9212 |    125 |   3486 |   3993 |   4 | 2334.2 |
        Bazaar |    156 |    156 |      0 |      0 |    105 |   1 |  156.0 |
        Bailey |    667 |    667 |      0 |      0 |    473 |   1 |  667.0 |
               +--------+--------+--------+--------+--------+-----+--------+

Top non-repeatable levels by time:
Spider:1: 7685 daAuts
  Lair:6: 4497 daAuts
Depths:1: 3304 daAuts
Depths:2: 3293 daAuts
  Lair:5: 3226 daAuts
    D:13: 3221 daAuts
  Lair:4: 2917 daAuts
    D:15: 2896 daAuts
  Lair:2: 2842 daAuts
Depths:3: 2676 daAuts
  Lair:1: 2257 daAuts
     D:4: 2200 daAuts
   Orc:2: 1767 daAuts
  Lair:3: 1632 daAuts
     D:8: 1541 daAuts
